 Seeded DCSS version 0.31-a0-626-g8143ab4f1d (webtiles) character file.

Game seed: 12485923201681380469 (custom seed)

1778 innerfire43 the Martial Artist (level 9, -5/62 (69) HPs)
             Began as a Gnoll Shapeshifter on Aug 24, 2023.
             Was a Believer of Cheibriados.
             Slain by a wight
             ... wielding a +5 morningstar
              (11 damage)
             ... on level 7 of the Dungeon.
             The game lasted 00:07:01 (5358 turns).

innerfire43 the Martial Artist (Gnoll Shapeshifter) Turns: 5358, Time: 00:07:01

HP:   -5/62 (69)    AC: 12    Str: 26    XL:     9   Next: 8%
MP:   16/16         EV: 15    Int: 23    God:    Cheibriados [**....]
Gold: 392           SH:  0    Dex: 20    Spells: 18/18 levels left

rFire   . .          .
                       - Unarmed
rCold   . . .        (shield currently unavailable)
rNeg    . . .        n - +4 ring mail
rPois   .            t - +0 helmet
rElec   .            (no cloak)
rCorr   .            G - +0 pair of gloves
SInv    .            (no boots)
Will    .....        (no amulet)
Stlth   +            h - +6 ring of strength
HPRegen 0.30/turn    z - +6 ring of intelligence
MPRegen 0.15/turn

%: no passive effects
@: flux-form, glowing, heavily drained, very slow
A: glow, contaminating, fangs 1, strong nose, distributed training
a: Begin Untransformation, Renounce Religion, Bend Time


You were on level 7 of the Dungeon.
You worshipped Cheibriados.
Cheibriados was pleased with you.
You were something dangerously unstable.
You visited 1 branch of the dungeon, and saw 7 of its levels.
You also visited: Sewer.

You collected 392 gold pieces.

Inventory:

Missiles
 m - a throwing net
Armour
 a - a +0 animal skin
 n - a +4 ring mail (worn)
 t - a +0 helmet (worn)
 G - a +0 pair of gloves (worn)
Jewellery
 h - a +6 ring of strength (left hand)
 z - a +6 ring of intelligence (right hand)
 H - a ring of fire
Talismans
 c - a beast talisman
 d - a flux talisman (active)
Wands
 p - a wand of digging (8)
 x - a wand of iceblast (8)
 y - a wand of light (12)
Scrolls
 f - 2 scrolls of vulnerability {unknown}
 g - a scroll of butterflies {unknown}
 i - 3 scrolls of enchant weapon {unknown}
 j - 4 scrolls of amnesia {unknown}
 k - 5 scrolls of teleportation {unknown}
 l - a scroll of acquirement
 o - 2 scrolls of identify
 q - a scroll of enchant armour
 r - 2 scrolls of fog {unknown}
 u - 3 scrolls of immolation {unknown}
 B - a scroll of revelation
Potions
 b - a potion of lignification
 e - 3 potions of enlightenment {unknown}
 s - 2 potions of degeneration {unknown}
 v - 4 potions of haste {unknown}
 w - a potion of heal wounds {unknown}
 A - a potion of magic {unknown}
 C - a potion of curing {unknown}
 D - a potion of mutation {unknown}
 E - a potion of might
 F - a potion of brilliance


   Skills:
 + Level 5.9 Fighting
 + Level 5.2 Short Blades
 + Level 5.2 Long Blades
 + Level 5.2 Axes
 + Level 5.2 Maces & Flails
 + Level 5.2 Polearms
 + Level 5.2 Staves
 + Level 5.2 Ranged Weapons
 + Level 5.2 Throwing
 + Level 5.2 Armour
 + Level 7.0 Dodging
 + Level 5.2 Stealth
 + Level 5.2 Shields
 + Level 8.5 Unarmed Combat
 + Level 5.2 Spellcasting
 + Level 4.3 Conjurations
 + Level 4.3 Hexes
 + Level 4.3 Summonings
 + Level 4.3 Necromancy
 + Level 4.3 Translocations
 + Level 4.3 Transmutations
 + Level 4.3 Fire Magic
 + Level 4.3 Ice Magic
 + Level 4.3 Air Magic
 + Level 4.3 Earth Magic
 + Level 4.3 Poison Magic
 + Level 5.8 Invocations
 + Level 5.2 Evocations
 + Level 8.2 Shapeshifting


You had 18 spell levels left.
You didn't know any spells.
Your spell library contained the following spells:

 Spells                   Type           Power      Damage    Failure   Level
 Slow                     Hex            100%       N/A       2%          1
 Blink                    Tloc           52%        N/A       3%          2
 Lesser Beckoning         Tloc           52%        N/A       3%          2
 Momentum Strike          Conj/Tloc      52%        3d9       3%          2
 Confusing Touch          Hex            26%        N/A       7%          3
 Vampiric Draining        Necr           26%        2d7       7%          3
 Manifold Assault         Tloc           26%        N/A       22%         4


Dungeon Overview and Level Annotations

Branches:
Dungeon (7/15)             Temple (0/1) D:6           Sewer (visited)

Altars:
Cheibriados
Elyvilon
Hepliaklqana
Kikubaaqudgha
Ru
Wu Jian
Xom
Zin


Innate Abilities, Weirdness & Mutations

You are something dangerously unstable.
You glow with magical radiation, making you easy to see and hit.
Foes you strike become dangerously contaminated with magical radiation.
You are incapable of wielding weapons or throwing items.
You have very sharp teeth.
Your uncanny sense of smell can sniff out nearby items.
Your experience applies equally to all skills.


Message History

Okay, then.
The wight attacks as it pursues you! The wight misses you.
The wight barely misses you. The wight hits you with a +0 dagger.
You feel drained.
You closely miss the wight.
The wight hits you with a +5 morningstar.
You feel drained.
You hit the wight.
The wight begins to glow.
The wight is lightly damaged.
The wight barely misses you. x2; The wight hits you but does no damage.
The wight closely misses you. The wight barely misses you.
You hit the wight.
The wight glows dangerously bright.
The wight is heavily damaged.
You barely miss the wight. You bite the wight.
The wight is heavily damaged.
The wight hits you with a +5 battleaxe. The wight hits you but does no damage.
The wight closely misses you.
The wight hits you from afar with a +1 spear.
You feel drained. The wight completely misses you.
You hit the wight but do no damage.
The wight shudders as magic cascades through it.
The wight is almost destroyed.
The wight hits you with a +5 battleaxe! The wight hits you with a +3 battleaxe!
The wight completely misses you. The wight closely misses you. x2
You barely miss the wight.
The wight is almost destroyed.
The wight closely misses you. The wight hits you with a +3 battleaxe!
* * * LOW HITPOINT WARNING * * *
The wight completely misses you. The wight barely misses you.
The wight hits you with a +5 morningstar.
* * * LOW HITPOINT WARNING * * *
You hit the wight.
The wight begins to glow.
The wight is almost destroyed.
The wight hits you with a +3 battleaxe!
* * * LOW HITPOINT WARNING * * *
You feel drained.
* * * LOW HITPOINT WARNING * * *
The wight barely misses you. x3
The wight hits you with a +5 morningstar!
You die...

#...).# #. #.#
#.....# #. #>.
#.....# #. #.#
#.....# #.
######+#.##
#.....# #.
..........
#.....# #.
....!....#
#.....# #.
)......zz#
#...[.# #.
......zzB#
#.....# #.
########z###
#.....# #.
#...## #.....#
#.
###..#########
#. ##....## #.
####..######
#. ##......#
#.
#######.###.
............


You could see 5 wights.

Vanquished Creatures
  2 ice beasts
  An ogre (D:5)
  2 centaurs
  A phantom (D:7)
  2 kobold brigands (D:7)
  5 scorpions
  A jelly (D:6)
  2 hounds
  An iron imp (D:3)
  2 orc priests
  A gnoll bouda (D:6)
  2 iguanas (D:6)
  2 sleepcaps
  Terence (D:2)
  3 orc wizards
  A hell rat (Sewer)
  Robin (D:3)
  7 gnolls (D:6)
  2 river rats (Sewer)
  3 adders
  A shadow imp (D:5)
  A white imp (D:5)
  An ufetubus (D:5)
  A worm (D:2)
  A dart slug (D:3)
  20 orcs
  5 endoplasms
  6 giant cockroaches
  19 hobgoblins
  17 kobolds
  5 quokkas
  5 ball pythons
  5 bats
  A frilled lizard (D:2)
  14 goblins
  11 rats
155 creatures vanquished.

Notes
Turn   | Place    | Note
-------+----------+-------------------------------------------
     0 | D:1      | innerfire43 the Gnoll Shapeshifter began the quest for the
                  | Orb.
     0 | D:1      | Reached XP level 1. HP: 17/17 MP: 1/1
   169 | D:1      | Reached XP level 2. HP: 19/23 MP: 2/2
   618 | D:1      | Reached XP level 3. HP: 22/28 MP: 3/3
   813 | D:2      | Reached skill level 1 in Invocations
  1069 | D:2      | Noticed Terence
  1079 | D:2      | Killed Terence
  1080 | D:2      | Reached skill level 1 in Short Blades
  1080 | D:2      | Reached skill level 1 in Long Blades
  1080 | D:2      | Reached skill level 1 in Axes
  1080 | D:2      | Reached skill level 1 in Maces & Flails
  1080 | D:2      | Reached skill level 1 in Polearms
  1080 | D:2      | Reached skill level 1 in Staves
  1080 | D:2      | Reached skill level 1 in Ranged Weapons
  1080 | D:2      | Reached skill level 1 in Throwing
  1080 | D:2      | Reached skill level 1 in Armour
  1080 | D:2      | Reached skill level 1 in Stealth
  1080 | D:2      | Reached skill level 1 in Shields
  1080 | D:2      | Reached skill level 1 in Spellcasting
  1080 | D:2      | Reached skill level 1 in Evocations
  1080 | D:2      | Reached XP level 4. HP: 11/34 MP: 5/5
  1720 | D:3      | Reached skill level 1 in Conjurations
  1720 | D:3      | Reached skill level 1 in Hexes
  1720 | D:3      | Reached skill level 1 in Summonings
  1720 | D:3      | Reached skill level 1 in Necromancy
  1720 | D:3      | Reached skill level 1 in Translocations
  1720 | D:3      | Reached skill level 1 in Transmutations
  1720 | D:3      | Reached skill level 1 in Fire Magic
  1720 | D:3      | Reached skill level 1 in Ice Magic
  1720 | D:3      | Reached skill level 1 in Air Magic
  1720 | D:3      | Reached skill level 1 in Earth Magic
  1720 | D:3      | Reached skill level 1 in Poison Magic
  1877 | D:3      | Reached XP level 5. HP: 38/40 MP: 5/7
  1888 | D:3      | Noticed Robin
  1910 | D:3      | Killed Robin
  1971 | D:3      | Reached skill level 5 in Fighting
  1971 | D:3      | Reached skill level 5 in Invocations
  1971 | D:3      | Reached XP level 6. HP: 51/51 MP: 7/12
  2090 | D:3      | Found a snail-covered altar of Cheibriados.
  2101 | D:3      | Became a worshipper of Cheibriados the Contemplative
  2124 | D:3      | Found a faded altar of an unknown god.
  2300 | D:3      | Found an ornate altar of the Wu Jian Council.
  2300 | D:3      | Found a glowing silver altar of Zin.
  2562 | D:4      | Reached XP level 7. HP: 56/56 MP: 14/14
  2610 | D:4      | Found an ancient bone altar of Kikubaaqudgha.
  2646 | D:4      | Reached * piety under Cheibriados
  2800 | D:4      | Found a white marble altar of Elyvilon.
  2969 | D:5      | Entered Level 5 of the Dungeon
  3171 | D:5      | Found a glowing drain.
  3187 | Sewer    | Entered a sewer
  3306 | D:5      | Found a sacrificial altar of Ru.
  3430 | D:5      | Found a shimmering altar of Xom.
  3537 | D:5      | Reached XP level 8. HP: 60/64 MP: 15/15
  3576 | D:5      | Reached skill level 5 in Short Blades
  3576 | D:5      | Reached skill level 5 in Long Blades
  3576 | D:5      | Reached skill level 5 in Axes
  3576 | D:5      | Reached skill level 5 in Maces & Flails
  3576 | D:5      | Reached skill level 5 in Polearms
  3576 | D:5      | Reached skill level 5 in Staves
  3576 | D:5      | Reached skill level 5 in Ranged Weapons
  3576 | D:5      | Reached skill level 5 in Throwing
  3576 | D:5      | Reached skill level 5 in Armour
  3576 | D:5      | Reached skill level 5 in Stealth
  3576 | D:5      | Reached skill level 5 in Shields
  3576 | D:5      | Reached skill level 5 in Spellcasting
  3576 | D:5      | Reached skill level 5 in Evocations
  3686 | D:5      | Found a hazy altar of Hepliaklqana.
  3890 | D:6      | Found a staircase to the Ecumenical Temple.
  4151 | D:6      | Reached ** piety under Cheibriados
  4852 | D:6      | Identified a scroll of acquirement
  5063 | D:7      | Reached XP level 9. HP: 64/69 MP: 16/16
  5358 | D:7      | Slain by a wight

Illustrated notes

Levels and vault maps discovered:
D:1:      lightli_arrival_maybe_door_vault, layout_rooms, kennysheep_nondescript
D:2:      layout_basic, uniq_terence
D:3:      layout_rooms, slow_altar_2, nicolae_overflow_two_pavilions,
          shapermc_ecumenical_altar_hornbeckon, guppyfry_early_lair_pool,
          uniq_robin
D:4:      layout_rooms, mainiacjoe_overflow_six_doors_small,
          mainiacjoe_overflow_alcove_4
D:5:      layout_basic, nicolae_overflow_hidden_temple,
          worldfamousw_hep_ancestral_shrine, nicolae_ru_awakened_eye,
          cheibrodos_sewer_entry_drain, nrook_mini_backslash
D:6:      layout_loops_corners, minmay_temple_entry_statues_fountains
D:7:      cheibrodos_quashed, layout_basic

Skill      XL: |  1  2  3  4  5  6  7  8 |
---------------+-------------------------+-----
Invocations    | 1 5 |  5.8
Short Blades   | 1 4 5 |  5.2
Long Blades    | 1 4 5 |  5.2
Axes           | 1 4 5 |  5.2
Maces & Flails | 1 4 5 |  5.2
Polearms       | 1 4 5 |  5.2
Staves         | 1 4 5 |  5.2
Ranged Weapons | 1 4 5 |  5.2
Throwing       | 1 4 5 |  5.2
Armour         | 1 4 5 |  5.2
Stealth        | 1 4 5 |  5.2
Shields        | 1 4 5 |  5.2
Spellcasting   | 1 4 5 |  5.2
Evocations     | 1 4 5 |  5.2
Conjurations   | 1 3 4 |  4.3
Hexes          | 1 3 4 |  4.3
Summonings     | 1 3 4 |  4.3
Necromancy     | 1 3 4 |  4.3
Translocations | 1 3 4 |  4.3
Transmutations | 1 3 4 |  4.3
Fire Magic     | 1 3 4 |  4.3
Ice Magic      | 1 3 4 |  4.3
Air Magic      | 1 3 4 |  4.3
Earth Magic    | 1 3 4 |  4.3
Poison Magic   | 1 3 4 |  4.3
Fighting       | 5 |  5.9
Dodging        | 6 7 |  7.0
Unarmed Combat | 8 |  8.5
Shapeshifting  | 7 8 |  8.2

Action                     |  1- 3 |  4- 6 |  7- 9 || total
---------------------------+-------+-------+-------++-------
  Melee: Unarmed           |   108 |   148 |   255 ||   511
         Bite              |    14 |    17 |    39 ||    70
    Use: Potion            |       |     3 |       ||     3
         Scroll            |       |       |     4 ||     4
 Armour: Animal skin       |    19 |     1 |       ||    20
         Ring mail         |       |    58 |    92 ||   150
  Dodge: Dodged            |    72 |    81 |   176 ||   329
   Form: Flux              |     1 |       |       ||     1

Table legend: (Time is in decaauts)
 A = Elapsed time spent in this place.
 B = Non-inter-level travel time spent in this place.
 C = Inter-level travel time spent in this place.
 D = Time resting spent in this place.
 E = Time spent auto-exploring this place.
 F = Levels seen in this place.
 G = Mean time per level.
                   A        B        C        D        E       F      G
               +--------+--------+--------+--------+--------+-----+--------+
         Total |   6357 |   6102 |    255 |      0 |   4977 |   8 |  794.6 |
       Dungeon |   6236 |   5981 |    255 |      0 |   4908 |   7 |  890.9 |
         Sewer |    121 |    121 |      0 |      0 |     69 |   1 |  121.0 |
               +--------+--------+--------+--------+--------+-----+--------+

Top non-repeatable levels by time:
     D:6: 1450 daAuts
     D:2: 1043 daAuts
     D:5: 1013 daAuts
     D:3: 770 daAuts
     D:4: 708 daAuts
     D:1: 652 daAuts
     D:7: 598 daAuts
   Sewer: 121 daAuts
